[Event "MCCT Chessable Masters-KO 2022"]
[Site "Online"]
[Date "2022.05.23"]
[Round "1.1"]
[White "Carlsen, Magnus"]
[Black "Anton Guijarro, David"]
[Result "1-0"]
[ECO "B06"]
[WhiteElo "2864"]
[BlackElo "2691"]
[Annotator "TA"]
[PlyCount "107"]
[EventDate "2022.05.23"]
[EventType "k.o."]
[EventCountry "NET"]
[SourceTitle "playchess.com"]
[Source "ChessBase"]
[SourceQuality "1"]
[TimeControl "900+10"]

1. f4 g6 2. e4 d5 3. d3 Bg7 4. Nf3 c5 5. Be2 Nc6 6. O-O {[%emt 0:00:02] B06: Modern Defence.} e6 7. c3 Nge7 8. Be3 {[%emt 0:00:13] The position is equal.} b6 9. Qc2 {[%emt 0:03:48] [#]} Ba6 $146 ({Predecessor:} 9... O-O 10. Nbd2 Ba6 11. Rfe1 Qc7 12. e5 Rfd8 13. Bf2 Rac8 14. Bf1 Bb7 15. g4 Qd7 {1-0 (57) Kovalev,V (2648)-Yoseph,T (2455) Chess.com INT 2020}) 10. a4 Rc8 11. Rd1 O-O (11... Nd4 $5 12. Bxd4 (12. cxd4 cxd4 13. Nc3 dxe3 $17) 12... cxd4 $15) 12. Na3 {[%emt 0:00:03] [#]} (12. Bf2 $11) 12... Nd4 $1 $15 13. Bxd4 ({Don't blunder} 13. cxd4 $2 cxd4 14. Qb1 dxe3 $17) 13... cxd4 14. c4 Qc7 15. Qd2 dxe4 16. dxe4 Rfd8 17. Bd3 e5 (17... Bb7 $15) 18. Nb5 $11 Qb8 19. Nxe5 Bxe5 20. fxe5 Nc6 21. Nd6 Rc7 $1 22. Qg5 {[%emt 0:00:05][%cal Ob2b4] b4! is the strong threat.} Rcd7 (22... Re7 $11 {keeps the balance.}) 23. b4 {[%emt 0:01:41] White is much more active.} (23. a5 $1 $16 {[%cal Ra5b6] Strongly threatening axb6.} Bb7 24. axb6 axb6 25. c5 (25. Nxb7 Rxb7 26. e6 fxe6 $15) 25... bxc5 26. Bb5) 23... Nxe5 24. Qxe5 {[%emt 0:00:31] Threatens to win with c5.} Rxd6 25. c5 bxc5 26. bxc5 Rc6 27. Qxb8 Rxb8 28. Bxa6 Rxa6 29. Rxd4 $16 {[%emt 0:00:01][%mdl 4096] Endgame KRR-KRR} Rc6 30. Rc1 Rbc8 31. Rd5 Kf8 (31... Rb8 $142) 32. Kf2 (32. Rd7 $142 $1) 32... Ke7 33. g4 h6 ({Black should play} 33... Rb8) 34. h4 (34. Ke3 $16) 34... Rb8 $1 $14 35. g5 hxg5 36. hxg5 Ke6 {[%emt 0:00:06] Prevents Re5+.} (36... Rb4 $16) 37. Ke3 $18 Rb3+ $2 (37... Rb4 {was worth a try.} 38. Rf1 Rc7) 38. Kd4 {[%emt 0:00:03] Black must now prevent Re5+.} Rb4+ 39. Rc4 Rb1 {[%emt 0:00:03] [#]} 40. Re5+ $1 Kd7 41. Kd5 ({White should try} 41. Rc2 $16) 41... Rd1+ $2 (41... Ra6 $11) 42. Rd4 Rxd4+ 43. Kxd4 {[%emt 0:00:00] KR-KR} Ra6 44. a5 (44. Rd5+ $142 Ke7 45. Ke5) 44... Kd8 45. Kd5 {[%emt 0:01:36] And now c6 would win.} Rxa5 {[%emt 0:00:06] [#]} 46. Kd6 Rb5 47. Re7 Rxc5 48. Rxa7 Rc8 49. Rxf7 Ke8 {[%emt 0:00:03] Against Rf8+} 50. Rf6 Ra8 51. Ke5 Ra5+ 52. Kf4 Rb5 53. Rxg6 Kf7 54. Ra6 {[%emt 0:00:11] Weighted Error Value: White=0.24 (precise) /Black=0.25 (precise)} 1-0

[Event "MCCT Chessable Masters-KO 2022"]
[Site "Online"]
[Date "2022.05.23"]
[Round "1.1"]
[White "Ding, Liren"]
[Black "Mamedyarov, Shakhriyar"]
[Result "1-0"]
[ECO "D85"]
[WhiteElo "2806"]
[BlackElo "2770"]
[Annotator "TA"]
[PlyCount "107"]
[EventDate "2022.05.23"]
[EventType "k.o."]
[EventCountry "NET"]
[SourceTitle "playchess.com"]
[Source "ChessBase"]
[SourceQuality "1"]
[TimeControl "900+10"]

1. d4 Nf6 2. c4 g6 3. Nc3 d5 4. Nf3 Bg7 5. cxd5 Nxd5 6. e4 Nxc3 7. bxc3 c5 8. Be3 Qa5 9. Qd2 O-O 10. Rc1 Rd8 11. d5 e6 12. Bg5 {[%emt 0:00:03] The main line 12.Bg5 scores better than 12.c4. D85: Exchange Grünfeld: Unusual White 7th moves and lines with 7 Nf3.} Re8 13. d6 Nd7 14. Bh6 {[%emt 0:01:07] [#] The position is equal.} Bh8 $146 ({Predecessor:} 14... Qa4 15. Bd3 e5 16. h4 Nf6 17. Bxg7 Kxg7 18. h5 Nxe4 19. Qe3 Nxd6 20. hxg6 hxg6 21. Qh6+ Kf6 22. Qg5+ Kg7 23. Qh6+ Kf6 24. Qg5+ Kg7 {½-½ (24) Pashikian,A (2616)-Zhou,J (2636) Martuni 2011}) 15. h4 b5 ({Black should try} 15... Qa4 $1 $14) 16. h5 $16 {[%emt 0:01:13] White is more active.} Bb7 17. hxg6 hxg6 18. Bd3 (18. Bg5 $16) 18... b4 $2 ({Black should play} 18... c4 $14 19. Bb1 Qa3) 19. Qf4 $18 (19. cxb4 cxb4 20. Qg5 (20. Rc7 Bc3 $19) 20... Ne5 21. Nxe5 b3+ 22. Ke2 Qxe5 $14) 19... c4 (19... Bxc3+ $2 20. Rxc3 $1 b3 21. Kd2 $18) 20. Bxc4 ({Inferior is} 20. Ng5 Bf6 21. Bc2 (21. Bxc4 Rac8 $15) 21... b3 22. axb3 Qxc3+ 23. Kf1 cxb3 $11) 20... Rac8 {[%emt 0:01:02] [#]} (20... bxc3 $16 {was worth a try.} 21. Bg5 (21. Ng5 Bf6 $11) 21... Bg7) 21. Ng5 $2 Bf6 $36 {[%emt 0:00:15][%mdl 2048] Black fights for an advantage.} 22. Bb3 bxc3 (22... Rxc3 $15 23. O-O Qe5 24. Qxe5 Nxe5) 23. Kf1 $11 Qe5 24. Qxe5 Nxe5 (24... Bxe5 $11 25. Rh3 Nc5 26. Rhxc3 Bxc3 27. Rxc3 Red8) 25. Rh3 (25. f4 $1 $16 Nd7 26. e5) 25... Red8 26. f4 Ba6+ 27. Ke1 Nd3+ (27... Rxd6 $2 28. fxe5 Bxe5 29. Nf3 $18) 28. Rxd3 $1 {[%emt 0:00:01] Chess con chili.} Bxd3 29. e5 c2 30. Kd2 (30. Nxe6 $14 fxe6 31. Bxe6+ Kh7 32. Bxc8 Rxc8 33. exf6) 30... Bf5 $15 31. g4 Bxg4 32. Ne4 $2 (32. Rxc2 $15 Rxc2+ 33. Bxc2) 32... Bh4 $1 $19 33. Bg5 Bxg5 34. fxg5 {[%emt 0:00:00] [#] Nf6+ is the strong threat.} Bf5 $1 35. Nf6+ Kg7 {[%emt 0:00:03] And now ...Rh8 would win.} 36. d7 $2 (36. Bxc2 $17 {was the crucial defense.} Bxc2 37. Rxc2) 36... Rc5 $2 (36... Kf8 $19 37. Bxc2 Rxc2+ 38. Rxc2 Bxc2 39. Kxc2 Ke7) 37. Rh1 $1 $15 c1=Q+ (37... Rxe5 $2 38. Rh7+ Kf8 39. Rh8+ Ke7 40. Re8+ Kd6 41. Rxd8 Re2+ 42. Kxe2 $18) 38. Rxc1 Rxc1 (38... Rxe5 39. Rc8 Rxd7+ 40. Nxd7 Rd5+ 41. Bxd5 exd5 42. Rd8 Bxd7 43. Rxd7 $18) 39. Kxc1 {[%emt 0:00:01][%mdl 4096] Endgame KRB-KBN} Kf8 {[%emt 0:00:00] aiming for ...Bd3.} 40. Kd2 {[%emt 0:00:06][%mdl 8192] Inhibits Bd3.} ({Only move:} 40. Ba4 $1 $15) 40... Ke7 $19 {[%emt 0:00:02] Hoping for ...Rh8.} 41. Kc3 a6 $2 (41... Rh8 $19 {and Black stays clearly on top.} 42. Ba4 a6) 42. Ba4 $2 (42. Bc4 $17) 42... Bh3 $2 (42... Rh8 $19 {Threatens to win with ...Bb1.} 43. Kb4 Bd3) 43. Ne4 $11 Bf1 44. Nd6 $1 Bb5 (44... Rb8 $5 45. Bc6 Be2 $11) 45. Nxb5 axb5 46. Bxb5 {[%emt 0:00:00] KR-KB} Rh8 $1 47. a4 Rh3+ $2 {[%emt 0:00:04][%mdl 8192] [#]} (47... Kd8 $11) 48. Kb4 $1 $18 {[%emt 0:00:04] White wants to mate with a5.} Kd8 49. a5 {[%emt 0:00:01] Threatening mate with a6.} Kc7 50. a6 Rh4+ 51. Kc5 {[%emt 0:00:17] White mates.} Rh1 52. d8=Q+ {[%emt 0:00:10][%mdl 64] Promotion} Kxd8 53. a7 Ra1 54. Kb6 {[%emt 0:00:01] Both players deserved the win here.  Weighted Error Value: White=0.63/Black=0.81} 1-0

[Event "MCCT Chessable Masters-KO 2022"]
[Site "Online"]
[Date "2022.05.23"]
[Round "1.1"]
[White "Mamedyarov, Shakhriyar"]
[Black "Ding, Liren"]
[Result "1-0"]
[ECO "D41"]
[WhiteElo "2770"]
[BlackElo "2806"]
[Annotator "TA"]
[PlyCount "95"]
[EventDate "2022.05.23"]
[EventType "k.o."]
[EventCountry "NET"]
[SourceTitle "playchess.com"]
[Source "ChessBase"]
[SourceQuality "1"]
[TimeControl "900+10"]

1. d4 Nf6 2. c4 e6 3. Nf3 d5 4. Nc3 c5 5. cxd5 cxd4 (5... Nxd5 6. e4 Nxc3 7. bxc3 cxd4 8. cxd4 Bb4+ 9. Bd2 Bxd2+ 10. Qxd2 O-O 11. Bc4 Nd7 12. O-O b6 13. Rfe1 Bb7 14. Bb3 Rc8 15. Rad1 Re8 16. h3 Nf6 17. Qf4 Nh5 18. Qh2 h6 19. Re3 Rc7 20. Ne5 Nf6 21. Qf4 b5 {0-1 (43) Mamedyarov,S (2765)-Ding,L (2799) Chess.com INT 2021}) 6. Qxd4 exd5 7. e4 {[%emt 0:00:02] D41: Queen's Gambit Declined: Semi-Tarrasch with 5 cxd5.} dxe4 8. Qxd8+ Kxd8 9. Ng5 {[%emt 0:00:00][%csl LRe4,LRf7] White has an edge.} Be6 10. Nxe6+ fxe6 11. Bg5 Nc6 {[%emt 0:00:17] Nowadays more popular than 11...Ke8.} 12. Bc4 Ke7 13. Nxe4 Kf7 14. Nd2 {[%emt 0:00:01] [#]} (14. Bxf6 $5 gxf6 15. O-O-O $14) 14... h6 $146 ({Predecessor:} 14... Be7 15. O-O-O h6 16. Bf4 Nd5 17. Bg3 Nb6 18. Bd3 Rhd8 19. Be4 Rd4 20. Bf3 Bg5 {½-½ (41) Cousins,R (2328)-Doppelhammer,H (2373) ICCF email 2021}) 15. Bf4 Rd8 16. O-O-O Bd6 17. Be3 Nd5 18. Rhe1 Ne5 {[%emt 0:01:57] [#] Strongly threatening ...Rc8.} ({But not} 18... Bxh2 19. g3 $14) 19. Bxd5 (19. Bf1 $11) 19... exd5 ({Better is} 19... Nd3+ $15 20. Kb1 Nxe1 21. Bxb7 Bb4) 20. Kb1 $11 Nc6 21. Nb3 {[%emt 0:00:13] Inhibits d4.} Bb4 (21... Bb8 {with more complications.} 22. Bc5 g5 23. h3 b6) 22. Re2 Rhe8 23. Rc2 Re4 {[%emt 0:00:10] [#]} (23... d4 $1 $11 24. Nxd4 (24. Bxd4 a5 $11) 24... Re4) 24. Nd4 $1 $16 Nxd4 25. Rxd4 a5 26. Rxe4 dxe4 {[%emt 0:00:00][%mdl 4096] Endgame KRB-KRB} 27. Rc7+ Kg6 (27... Kf6 $16 {was called for.}) 28. Rxb7 $18 Bd2 29. Bc5 Be1 (29... h5 $16 30. a4 Be1) 30. Re7 Rd1+ 31. Kc2 Rd5 32. Be3 Rf5 33. Re6+ ({Not} 33. Rxe4 Bxf2 34. Bd2 Rc5+ 35. Kb1 Bg1 $16) 33... Kf7 34. Rxe4 {[%emt 0:00:02] And now Rf4 would win.} Bxf2 $2 (34... g5 35. f4 Bb4) 35. Rf4 Rxf4 36. Bxf4 {[%emt 0:00:00] a4 is the strong threat. KB-KB} Ke6 37. a4 Kd5 38. Bd2 Bb6 39. Kd3 h5 40. h3 g6 41. b4 axb4 42. Bxb4 Bc7 43. Bd2 Bh2 44. a5 Bc7 45. a6 {[%emt 0:00:08] White wants to mate with a7.} Kc6 46. Ke4 Bh2 47. Bf4 Bg1 48. Ke5 {[%emt 0:00:05] Weighted Error Value: White=0.06 (flawless) /Black=0.51} 1-0

[Event "MCCT Chessable Masters-KO 2022"]
[Site "Online"]
[Date "2022.05.23"]
[Round "1.1"]
[White "Giri, Anish"]
[Black "Tari, Aryan"]
[Result "1-0"]
[ECO "D02"]
[WhiteElo "2761"]
[BlackElo "2654"]
[Annotator "TA"]
[PlyCount "81"]
[EventDate "2022.05.23"]
[EventType "k.o."]
[EventCountry "NET"]
[SourceTitle "playchess.com"]
[Source "ChessBase"]
[SourceQuality "1"]
[TimeControl "900+10"]

1. d4 Nf6 2. Nf3 g6 3. Nbd2 d5 4. b3 a5 5. a4 Bg7 6. Bb2 {[%emt 0:00:05] D02: 1 d4 d5 2 Nf3 sidelines, including 2...Nf6 3 g3 and 2...Nf6 3 Bf4.} O-O 7. e3 Bf5 8. Be2 {[%emt 0:00:42] [#] The position is equal.} Ne4 $146 ({Predecessor:} 8... Nc6 9. O-O Nb4 10. Ne1 Ne4 11. c3 Nxd2 12. Qxd2 Nc6 13. Nd3 e5 14. Nxe5 Nxe5 15. dxe5 Bxe5 {0-1 (54) Carlsen,M (2872)-Vachier Lagrave,M (2780) London 2019}) 9. Nxe4 (9. Ne5 {looks sharper.} c5 10. Nxe4 Bxe4 11. f3) 9... Bxe4 10. O-O c5 11. c3 cxd4 12. exd4 Nc6 13. Ba3 Qc7 14. Bd3 (14. Ng5 $5 ) 14... Bxf3 15. Qxf3 Rfd8 16. Rac1 e5 17. dxe5 Nxe5 18. Qg3 Qb6 19. Bb5 Nc6 20. Rfd1 Na7 (20... d4 $11 {remains equal.}) 21. Be7 $16 {[%emt 0:01:05] This bishop pair is nice.} Rdc8 {[%emt 0:00:03] [#]} 22. Rxd5 {[%emt 0:01:09] White is much more active. The black rooks are badly placed.} (22. Bd7 $1 $16) 22... Nxb5 (22... Qe6 $14 23. Qd6 Rxc3 24. Rxc3 Bxc3) 23. Rxb5 Qe6 {[%emt 0:00:01] Threatens to win with ...Rxc3.} 24. Bc5 (24. Rxb7 Qe4 25. Rc7 Rxc7 26. Qxc7 Re8 $19) 24... Rc6 25. Qe3 Qd7 26. g3 h5 ({Black should play} 26... Re8 27. Qf3 (27. Rxb7 $2 Qc8 $19) 27... Qc7) 27. h4 ({White should try} 27. c4) 27... Rac8 {[%emt 0:00:36] [#]} (27... Re8 $16 {was necessary.} 28. Qf3 Qc7) 28. c4 $1 $18 (28. Rxa5 Re6 29. Qf3 b6 $17) 28... Kh7 29. Rf1 ({Not} 29. Rxa5 $2 Re6 30. Qg5 Re5 $19) (29. Re1 $18) 29... Rb8 $2 {[%emt 0:01:08] Black cannot hold the game after this.} (29... Rxc5 $1 $14 30. Rxc5 Bd4 31. Qxd4 (31. Rd5 Qxd5 32. cxd5 Bxe3 $14) 31... Qxd4 32. Rxc8 g5) 30. Qe7 ({Stronger than} 30. Rxa5 b6 31. Bxb6 Rbxb6 $17) 30... Rc7 (30... Qxe7 $142 31. Bxe7 Re6) 31. Qxd7 Rxd7 32. Rxa5 Bc3 33. Rb5 Re8 34. Be3 Be5 35. Kg2 Bb8 36. Rc1 {[%emt 0:00:18] White is clearly winning.} Re6 37. Rc2 f5 38. Rd2 Rf7 39. Rd8 Be5 {[%emt 0:00:01] [#]} 40. Rxe5 $1 Rxe5 41. Bd4 {[%emt 0:00:00] Weighted Error Value: White=0.16 (very precise) /Black=0.34} 1-0

[Event "MCCT Chessable Masters-KO 2022"]
[Site "Online"]
[Date "2022.05.23"]
[Round "1.1"]
[White "Wei, Yi"]
[Black "Praggnanandhaa R"]
[Result "1-0"]
[ECO "A21"]
[WhiteElo "2727"]
[BlackElo "2642"]
[Annotator "TA"]
[PlyCount "123"]
[EventDate "2022.05.23"]
[EventType "k.o."]
[EventCountry "NET"]
[SourceTitle "playchess.com"]
[Source "ChessBase"]
[SourceQuality "1"]
[TimeControl "900+10"]

1. c4 e5 2. Nc3 Bb4 3. g3 Bxc3 4. bxc3 d6 5. Bg2 Nc6 6. c5 {[%emt 0:01:02] [#] A21: English Opening: 1...e5 2 Nc3.} dxc5 $146 ({Predecessor:} 6... d5 7. d4 Nge7 8. Nf3 e4 9. Nd2 O-O 10. O-O Be6 11. f3 exf3 12. Rxf3 Qd7 13. Qf1 b6 {½-½ (24) Varga,Z (2503)-Estrada Nieto,J (2371) Szentgotthard 2001}) 7. Bxc6+ bxc6 8. Qa4 {[%emt 0:00:06] Black is slightly better.} Qd5 9. f3 Nf6 10. c4 Qd6 (10... Qd4 {seems wilder.} 11. Qxc6+ Ke7 12. Qxc7+ Bd7) 11. d3 {[%emt 0:00:03] Prevents e4.} Be6 12. Qa5 O-O $36 {[%emt 0:00:07][%cal Oe5e4][%mdl 2048] Black fights for an advantage.} 13. Be3 Nd7 14. g4 Rab8 15. Nh3 h5 $1 16. Nf2 hxg4 17. fxg4 Rb2 18. Qxa7 ({White should try} 18. h3 $15) 18... Rfb8 (18... e4 $1 $17 {[%cal Re4d3] aiming for ...exd3.} 19. Qa3 (19. Nxe4 $2 Qe5 $19) 19... Qe5) 19. Qa3 e4 (19... Qe7 $17 {[%cal Oe5e4] ...e4! is the strong threat.} 20. Bc1 R2b7) 20. Nxe4 $15 Qe5 21. h3 f5 (21... Nf6 $15 {should be considered.} 22. Nxf6+ Qxf6) 22. gxf5 $11 Bxf5 23. Qc3 Bxe4 24. Qxe5 Nxe5 25. dxe4 Nxc4 26. Bxc5 Rxa2 27. Rxa2 Rb1+ 28. Kf2 {[%emt 0:00:01] Ra8+ would kill now.} Rxh1 {[%emt 0:00:00][%mdl 4096] Endgame KRB-KRN} 29. Rc2 Nd6 30. e5 Ne4+ 31. Kg2 Rd1 32. Be3 {[%emt 0:00:40] Strongly threatening Kf3.} Rd5 $1 33. Bf4 Nc5 (33... Rc5 $5 34. Ra2 Nc3 $11) 34. Kf3 {[%emt 0:00:34] Black must now prevent e4.} Ne6 {[%emt 0:00:04] Hoping for ...Nd4+.} 35. Rxc6 Kf7 36. e3 Rd1 (36... Rc5 $11 {remains equal.} 37. Ra6 Rc1) 37. Ke4 ({Better is} 37. h4 $16) 37... Rh1 38. Kf5 g6+ 39. Kg4 Rg1+ 40. Kf3 Rh1 41. Kg2 $1 Re1 42. h4 {[%emt 0:00:09] Against g5} Ra1 43. Kf3 Rf1+ 44. Kg4 Rg1+ 45. Kf3 Rf1+ $1 46. Ke4 Rh1 47. Bg5 Ra1 48. Bf6 Rg1 49. Rc2 g5 (49... Ra1 $16 {might work better.}) 50. h5 $18 Rh1 {[%emt 0:00:04] [#]} 51. Rd2 $1 Rxh5 $2 {[%emt 0:00:16] [#]} (51... Nc5+ 52. Kd5 Rc1) 52. Rd7+ $1 Kg6 {[%emt 0:00:03] Threatens to win with ...Nc5+.} 53. Kd5 {[%emt 0:00:07] Against Nc5} Nf8 54. Rg7+ Kh6 (54... Kf5 $142 55. Rf7 (55. Rxc7 Rh1 $11) (55. e4+ Kf4 $16) 55... Ng6 56. Bd8+ (56. Rxc7 Rh3 $16) 56... Kg4 57. Bxc7 Rh3) 55. Rxc7 {[%emt 0:00:07] White wants to mate with Bg7+.} Ng6 56. Bg7+ Kh7 57. e6 {[%emt 0:00:01] White mates.} g4+ 58. Ke4 Rb5 59. Bf6+ Kh6 60. Rc1 Kh7 61. Rh1+ Kg8 62. Rh6 {[%emt 0:00:02] Weighted Error Value: White=0.11 (very precise) /Black=0.27 (precise)} 1-0

[Event "MCCT Chessable Masters-KO 2022"]
[Site "Online"]
[Date "2022.05.23"]
[Round "1.1"]
[White "Anton Guijarro, David"]
[Black "Carlsen, Magnus"]
[Result "1/2-1/2"]
[ECO "B22"]
[WhiteElo "2691"]
[BlackElo "2864"]
[Annotator "TA"]
[PlyCount "94"]
[EventDate "2022.05.23"]
[EventType "k.o."]
[EventCountry "NET"]
[SourceTitle "playchess.com"]
[Source "ChessBase"]
[SourceQuality "1"]
[TimeControl "900+10"]

1. e4 c5 2. Nf3 e6 3. c3 d5 4. exd5 exd5 5. Bb5+ Nc6 6. O-O Nf6 7. d4 Be7 8. dxc5 {[%emt 0:00:28] B22: Sicilian: 2 c3.} Bxc5 $1 {[%emt 0:00:02] 8...Bxc5 is better than 8...0-0.} 9. Bg5 O-O 10. Bxf6 {[%emt 0:00:54] White is slightly better.} Qxf6 11. Qxd5 Bb6 12. Na3 {[%emt 0:02:15] [#]} Bf5 $146 ({Predecessor:} 12... Rd8 13. Qg5 Qxg5 14. Nxg5 h6 15. Nf3 Be6 16. Be2 Bg4 17. Nc4 Bc5 18. a4 a6 {1-0 (54) Okhotnik,V (2347)-Sidali,E (1953) Ballerup 2019}) 13. Bxc6 bxc6 14. Qe5 Qe6 15. Rfe1 Rad8 16. Nc4 Qxc4 17. Qxf5 Rfe8 {[%emt 0:00:11] Against Re7} (17... Rde8 $14) 18. g3 $16 Re2 19. Rxe2 Qxe2 20. Ng5 h6 21. Qxf7+ Kh8 22. Ne6 Bxf2+ 23. Qxf2 Qxe6 {[%emt 0:00:01][%mdl 4096] Endgame [#] KQR-KQR} 24. b3 ({Much weaker is} 24. Qxa7 $6 Rd2 25. Qb8+ Kh7 $11) (24. a3 $1 $16) 24... Qe5 $14 25. Rc1 $1 a5 26. c4 a4 27. bxa4 Qa5 28. Rc2 Qxa4 29. Kg2 c5 30. h4 Rd4 (30... Qc6+ $11 {remains equal.} 31. Qf3 Qa4) 31. Qe2 (31. Qf8+ $16 Kh7 32. Qf5+ Kh8 33. Qc8+ Kh7 34. Re2 (34. Qf5+ Kh8 $16)) 31... Kh7 $11 32. Kh2 Qd7 33. Qf3 Kg8 34. Qe3 Kh7 35. Qe5 Qc6 36. Qf5+ Kh8 {[%emt 0:00:08] [#]} (36... Qg6 $11 37. Qxg6+ Kxg6) 37. Rb2 (37. Re2 $1 $16) 37... Qa8 (37... Qd6 $11) 38. Qxc5 ({Better is} 38. Qb1 $16 {Rb8+ is the strong threat.} Rd8 39. Qc2) 38... Rd1 39. Rg2 Qe4 {[%emt 0:00:11] Against Qe5} 40. Qf8+ Kh7 41. c5 ({White should play} 41. Qf2 $14) 41... Qb1 {[%emt 0:00:06][%csl Gb1][%cal Rd1h1] The position is equal.} (41... Qe1 $5 42. Qf5+ g6 43. Qf7+ Kh8 $11) 42. Rf2 Rh1+ 43. Kg2 {[%emt 0:00:01] Hoping for Qf5+.} Qg1+ 44. Kf3 {[%emt 0:00:01] Black must now prevent Qf5+.} Qd1+ 45. Kg2 Qg1+ 46. Kf3 {[%emt 0:00:01] And now Qf5+ would win.} Qd1+ 47. Kg2 Qg1+ {[%emt 0:00:02] Weighted Error Value: White=0.21 (precise) /Black=0.21 (precise)} 1/2-1/2

[Event "MCCT Chessable Masters-KO 2022"]
[Site "Online"]
[Date "2022.05.23"]
[Round "1.1"]
[White "Tari, Aryan"]
[Black "Giri, Anish"]
[Result "0-1"]
[ECO "B51"]
[WhiteElo "2654"]
[BlackElo "2761"]
[Annotator "TA"]
[PlyCount "80"]
[EventDate "2022.05.23"]
[EventType "k.o."]
[EventCountry "NET"]
[SourceTitle "playchess.com"]
[Source "ChessBase"]
[SourceQuality "1"]
[TimeControl "900+10"]

1. e4 c5 2. Nf3 d6 3. Bb5+ Nd7 4. a4 Ngf6 5. Nc3 a6 6. Be2 {[%emt 0:00:04] B51: Sicilian: Moscow Variation (3 Bb5+) without 3...Bd7.} g6 7. a5 Bg7 8. O-O {[%emt 0:00:01] White is slightly better.} O-O 9. d3 b5 10. axb6 $1 Nxb6 11. h3 a5 {[%emt 0:00:05] [#]} 12. e5 $146 ({Predecessor:} 12. Qd2 h6 13. Qe1 e5 14. Bd1 Nh7 15. Na4 Nxa4 16. Rxa4 Bd7 17. Ra3 f5 18. exf5 gxf5 {0-1 (73) Elgersma,O (2303)-Roebers,E (2369) Almelo 2022}) 12... Nfd5 13. Nxd5 Nxd5 14. exd6 exd6 15. c3 Qb6 16. Nd2 Be6 17. Nc4 Qc7 18. Bf3 Ra6 19. Bd2 Rb8 20. Re1 Ne7 21. Qc1 Nc6 22. Bf4 Ne5 23. Nxe5 dxe5 24. Bh2 a4 25. d4 (25. Bd1 $11) 25... cxd4 $17 26. cxd4 Qxc1 {[%emt 0:00:47] Black is more active.} 27. Raxc1 Rxb2 28. d5 Bd7 {[%emt 0:00:29] Threatens to win with ...a3.} 29. Rc7 Rd6 30. Bxe5 $2 {[%emt 0:00:57][%mdl 8192] This costs White the game.} (30. Ra7 $17 {is more resistant.} f6 31. Bg3) 30... Bxe5 $19 31. Rxe5 a3 32. Ra7 a2 33. Kh2 {[%emt 0:00:20] [#]} (33. Re1 $142 Rb1 34. Rd1 Rxd5 35. Rxa2 Rdxd1+ 36. Bxd1) 33... Bb5 $1 {[%emt 0:00:59] Hoping for ...Ba6.} 34. Re3 Ra6 35. Rxa6 Bxa6 {[%emt 0:00:00] KRB-KRB} 36. Ra3 Bc4 37. d6 Rd2 38. Ra8+ Kg7 39. Kg3 Rxd6 40. Kf4 Ra6 {[%emt 0:00:03] Weighted Error Value: White=0.62/Black=0.05 (flawless)} (40... Ba6 $142 41. Kg3 a1=Q 42. Kh2 Qe5+ 43. Kh1 {[#]} Rd2 $1 44. Rxa6 Rxf2 45. Ra1 Qxa1+ 46. Kh2 Qe5+ 47. Kg1 Qg3 48. h4 Rxf3 49. h5 gxh5 50. Kh1 Rf1#) 0-1

[Event "MCCT Chessable Masters-KO 2022"]
[Site "Online"]
[Date "2022.05.23"]
[Round "2.1"]
[White "Carlsen, Magnus"]
[Black "Ding, Liren"]
[Result "1/2-1/2"]
[ECO "D02"]
[WhiteElo "2864"]
[BlackElo "2806"]
[Annotator "TA"]
[PlyCount "82"]
[EventDate "2022.05.23"]
[EventType "k.o."]
[EventCountry "NET"]
[SourceTitle "playchess.com"]
[Source "ChessBase"]
[SourceQuality "1"]
[TimeControl "900+10"]

1. Nf3 d5 2. g3 Nf6 3. Bg2 c5 4. O-O e6 5. d4 cxd4 6. Nxd4 e5 7. Nb3 Be6 8. Nc3 Be7 {[%emt 0:00:51] D02: 1 d4 d5 2 Nf3 sidelines, including 2...Nf6 3 g3 and 2...Nf6 3 Bf4.} 9. f4 exf4 10. gxf4 $1 {[%emt 0:00:02] 10.gxf4 is better than 10.Bxf4.} g6 11. Nd4 Nc6 12. Nxe6 fxe6 13. Kh1 {[%emt 0:00:13] [#]} Kf7 $146 ({Predecessor:} 13... O-O 14. a3 Bc5 15. Qd3 Rc8 16. Na4 Bd4 17. Bd2 a6 18. Rad1 b5 19. Nc3 Qb6 {½-½ (28) Blanco Gramajo,C (2538)-Zuev,D (2480) ICCF email 2015}) 14. e4 dxe4 15. Nxe4 Nxe4 16. Bxe4 Bf6 17. c3 Qc7 {[%emt 0:01:31] [#]} (17... Qxd1 $11 18. Rxd1 Rhd8) 18. Qf3 ({White should try} 18. f5 $1 $16 {[%cal Rf5e6] Hoping for fxe6+.} gxf5 19. Bf4) 18... Ne7 19. Bxb7 Rab8 20. Be4 Nf5 21. Rb1 Rhd8 22. Be3 a5 23. Bg1 {[%emt 0:02:00] This bishop pair is nice.} Qc4 24. b3 (24. Ba7 $5 Rbc8 25. Bb7 $14) 24... Qxc3 25. Rbc1 Qxf3+ 26. Bxf3 Bd4 27. Rc7+ Kf6 28. Rxh7 Bxg1 29. Kxg1 ({Much worse is} 29. Rxg1 Rb4 $17) 29... Rd2 30. Rf2 Rbd8 31. h4 Rxf2 32. Kxf2 $15 {[%emt 0:00:03][%mdl 4096] Endgame KRB-KRN} Rd2+ 33. Ke1 Rxa2 34. h5 $1 Nd4 35. Bd1 {[%emt 0:00:03] The position is equal.} gxh5 36. Rxh5 Ke7 37. Re5 Kd6 38. Re4 Kc5 39. Re5+ Kd6 40. Re4 Kc5 41. Re5+ Kd6 {[%emt 0:00:01] Weighted Error Value: White=0.07 (flawless) /Black=0.08 (flawless)} 1/2-1/2